Map: Year Zero LE

Players

kazerg - Winner!

  • Race: Zerg Zerg
  • Spawn Location: 1:00

A.I. 1 (Very Easy)

  • Race: Terran Terran
  • Spawn Location: 11:00

VOD

Have the link to the VOD?

Description

Time

  • Played on: March 16, 2019, 7:05 p.m.
  • Length: 9:34
Show
View Real Time Build Order
Export as new Build Order

kazerg Zerg - Winner!

Build Orders: Pool First 

Get SALT Encoding   

  12  0:02  Drone  
  13  0:11  Drone  
  14  0:18  Overlord  
  14  0:34  Overlord x2  
  14  0:44  Drone  
  14  0:47  Drone  
  16  0:51  Extractor  
  15  0:59  Drone  
  16  1:06  Spawning Pool  
  16  1:07  Drone  
  16  1:19  Drone  
  17  1:32  Drone  
  18  1:51  Hatchery  
  18  1:53  Drone x2  
  19  2:00  Queen  
  21  2:13  Drone x2  
  23  2:17  Extractor  
  23  2:18  Metabolic Boost  
  22  2:36  Drone x2  
  24  3:01  Drone x2  
  26  3:06  Lair  
  26  3:13  Roach Warren  
  25  3:22  Drone x2  
  25  3:23  Drone  
  28  3:28  Drone  
  28  3:29  Hatchery  
  28  3:31  Drone x2  
  30  3:41  Queen  
  30  3:47  Overlord  
  32  4:02  Evolution Chamber  
  31  4:07  Evolution Chamber  
  31  4:08  Drone x2  
  31  4:09  Drone  
  33  4:12  Drone x2  
  33  4:13  Drone  
  36  4:31  Zergling x4  
  36  4:32  Zergling x6  
  41  4:45  Drone  
  42  4:48  Drone  
  42  4:49  Drone  
  45  5:00  Drone  
  45  5:02  Drone x2  
  45  5:06  Zerg Melee Weapons Level 1  
  47  5:07  Zerg Missile Weapons Level 1  
  47  5:08  Glial Reconstitution  
  47  5:11  Pneumatized Carapace  
  47  5:31  Queen  
  47  5:33  Drone  
  47  5:34  Overlord x2  
  50  6:01  Roach x2  
  50  6:02  Zergling x2, Roach x4  
  50  6:03  Zergling x6, Overlord  
  50  6:04  Overlord x3  
  66  6:05  Overlord  
  66  6:26  Drone x3  
  66  6:29  Drone x2  
  66  6:30  Drone x3  
  74  6:38  Extractor  
  73  7:07  Drone x6  
  79  7:22  Roach x3  
  90  7:23  Overlord x2, Roach x10  
  90  7:28  Tunneling Claws  
  104  7:45  Drone x4  
  108  7:53  Zergling x20  
  118  8:02  Overlord x3  
  118  8:07  Roach  
  120  8:20  Drone  
  120  8:21  Drone x3  
  124  8:34  Zergling x2  
  124  8:35  Zergling x16  
  133  8:52  Roach  
  133  8:53  Roach x5  
  133  8:54  Overlord  
  133  8:55  Overlord x2  
  145  9:02  Hydralisk Den  
  144  9:16  Ravager x4  
  148  9:17  Ravager x2  
Show
View Real Time Build Order
Export as new Build Order

A.I. 1 (Very Easy) Terran 

Build Orders:  

Get SALT Encoding   

  12  0:00  SCV  
  13  0:13  SCV  
  14  0:20  Supply Depot  
  14  0:38  Refinery  
  14  0:44  Barracks  
  14  1:05  Supply Depot  
  14  1:13  Refinery  
  14  1:31  Barracks Tech Lab, Orbital Command  
  14  1:49  Marine  
  15  1:56  SCV  
  16  2:09  SCV  
  17  2:21  SCV  
  18  2:33  SCV, Marine  
  20  2:45  SCV  
  21  2:57  SCV  
  22  3:17  Marauder  
  24  6:33  SCV, Marine  
  24  6:36  Supply Depot  
  24  6:37  Factory  
  26  6:40  Command Center  
  26  6:45  SCV  
  27  6:57  SCV  
  27  6:59  Supply Depot  
  28  7:08  Marine  
  29  7:10  SCV  
  25  7:23  Starport  
  25  7:42  Marine  
  26  7:53  SCV  
  27  8:01  SCV  
  27  8:05  Refinery, Starport Tech Lab  
  28  8:08  Refinery, SCV  
  29  8:15  SCV  
  29  8:16  Marine  
  30  8:22  SCV  
  30  8:23  Raven  
  33  8:29  SCV  
  34  8:37  SCV  
  35  8:44  SCV  
  36  8:50  Hellion  
  36  8:51  SCV  
  24  9:05  SCV  
  18  9:17  SCV  
Tags
 
Matchup
TvZ
Opening
Pool First
Spawn Locations
Close Positions
Add a new tag
Caveats
  • Supply blocks, unpowered buildings, or Contaminate may cause inaccurate times.
  • Supply counts are checked every 10 seconds.